 Dungeon Crawl Stone Soup version 0.23.2-30-g0e89c35649 (webtiles) character file.

Game seed: 2778319086187289381

135 Mrkan the Grave Robber (level 5, -4/37 HPs)
             Began as a Gnoll Necromancer on June 24, 2019.
             Killed from afar by an orc wizard (5 damage)
             ... with a magic dart
             ... on level 2 of the Dungeon.
             The game lasted 00:06:39 (2246 turns).

Mrkan the Grave Robber (Gnoll Necromancer)          Turns: 2246, Time: 00:06:40

Health: -4/37      AC:  2    Str: 10    XL:     5   Next: 18%
Magic:  7/12       EV: 15    Int: 19    God:
Gold:   84         SH:  0    Dex: 15    Spells: 6/14 levels left

rFire    . . .     SeeInvis .   b - +2 short sword (drain)
rCold    . . .     Gourm    .   (no shield)
rNeg     . . .     Faith    .   a - +0 robe
rPois    .         Spirit   .   (no helmet)
rElec    .         Reflect  .   (no cloak)
rCorr    .         Harm     .   (no gloves)
MR       .....                  (no boots)
Stlth    +++.......             (no amulet)
HPRegen  0.12/turn              (no ring)
MPRegen  0.13/turn              (no ring)

@: no status effects
A: distributed training, fangs 1, strong nose
a: no special abilities


You were on level 2 of the Dungeon.
You were hungry.

You visited 1 branch of the dungeon, and saw 3 of its levels.

You collected 84 gold pieces.

Inventory:

Hand Weapons
 b - a +2 short sword of draining (weapon)
Armour
 a - a +0 robe (worn)
Scrolls
 d - 2 scrolls of remove curse {unknown}
 h - 2 scrolls of fear {unknown}
 i - 3 scrolls of enchant weapon {unknown}
 k - 2 scrolls of identify {unknown}
 n - a scroll of magic mapping {unknown}
 o - 3 scrolls of teleportation {unknown}
Potions
 e - 2 potions of curing {unknown}
 f - a potion of resistance {unknown}
 g - a potion of degeneration {unknown}
 j - a potion of haste {unknown}
 l - a potion of flight {unknown}
 p - a potion of agility {unknown}
Comestibles
 c - a ration
 m - a chunk of flesh


   Skills:
 + Level 1.3 Fighting
 + Level 1.3 Short Blades
 + Level 1.3 Long Blades
 + Level 1.3 Axes
 + Level 1.3 Maces & Flails
 + Level 1.3 Polearms
 + Level 1.3 Staves
 + Level 1.3 Slings
 + Level 1.3 Bows
 + Level 1.3 Crossbows
 + Level 1.3 Throwing
 + Level 1.3 Armour
 + Level 4.7 Dodging
 + Level 4.3 Stealth
 + Level 1.3 Shields
 + Level 1.3 Unarmed Combat
 + Level 5.1 Spellcasting
 + Level 1.1 Conjurations
 + Level 1.1 Hexes
 + Level 1.1 Charms
 + Level 1.1 Summonings
 + Level 7.1 Necromancy
 + Level 1.1 Translocations
 + Level 1.1 Transmutations
 + Level 1.1 Fire Magic
 + Level 1.1 Ice Magic
 + Level 1.1 Air Magic
 + Level 1.1 Earth Magic
 + Level 1.1 Poison Magic
 + Level 1.5 Invocations
 + Level 1.3 Evocations


You had 6 spell levels left.
You knew the following spells:

 Your Spells              Type           Power        Failure   Level  Hunger
a - Pain                  Necr           ####         1%          1    None
b - Vampiric Draining     Necr           ####......   1%          3    ##.....
c - Animate Dead          Necr           N/A          6%          4    ####...

Your spell library contained the following spells:

 Spells                   Type           Power        Failure   Level  Hunger
 Animate Skeleton         Necr           N/A          1%          1    None
 Regeneration             Chrm/Necr      ###.......   7%          3    ##.....


Dungeon Overview and Level Annotations

Branches:
Dungeon (3/15)

Altars:


Innate Abilities, Weirdness & Mutations

Your experience applies equally to all skills.
You have very sharp teeth.
Your uncanny sense of smell can sniff out nearby items.


Message History

You climb upwards.
Reactivating autopickup.
There is a stone staircase leading down here.
Deactivating autopickup; reactivate with Ctrl-A.
You hit something. Something hits you.
You hit something. Your bite misses something. Something barely misses you.
You miss something. Something hits you.
Casting: Pain (safe; 1% risk of failure)
Confirm with . or Enter, or press ? or * to list all spells.
You can't see any susceptible monsters within range! (Use Z to cast anyway.)
Casting: Pain (safe; 1% risk of failure)
Confirm with . or Enter, or press ? or * to list all spells.
You can't see any susceptible monsters within range! (Use Z to cast anyway.)
You hear some strange, mumbled words.
A puff of flame appears from out of thin air!
The puff of flame hits you!
* * * LOW HITPOINT WARNING * * *
A magic dart appears from out of thin air!
The magic dart hits you.
You die...

.# #.# #.# .# #.### #.# .#
#...# ######.# .#
#.#.#####..>...# .#
#.......#.######
.#######.#####.#.# ##
...............#.# #.
##...###.#####.#.# #.
##..## #....)..#@# #.
##..#
#.#####...###############.
##..#
#.........................
##..#
#.#####..########.########
##..####........# #.#
.........#####..# #.#
#.........(....## #.#
#...#######.#.## #.#
.....######)..# #.#


There were no monsters in sight!

Vanquished Creatures
  A gnoll (D:1)
  3 adders
  2 oozes (D:1)
  3 worms (D:2)
  4 dart slugs
  3 leopard geckos
  3 orcs (D:3)
  4 giant cockroaches
  8 goblins
  4 hobgoblins
  10 kobolds
  A quokka (D:2)
  4 bats
  5 frilled lizards
  17 rats
72 creatures vanquished.

Notes
Turn   | Place    | Note
-------+----------+-------------------------------------------
     0 | D:1      | Mrkan the Gnoll Necromancer began the quest for the Orb.
     0 | D:1      | Reached XP level 1. HP: 13/13 MP: 6/6
    84 | D:1      | Reached XP level 2. HP: 18/19 MP: 7/7
   270 | D:1      | Reached XP level 3. HP: 24/25 MP: 9/9
   330 | D:1      | Reached skill level 5 in Spellcasting
   470 | D:1      | Reached skill level 1 in Invocations
   604 | D:1      | Reached skill level 1 in Fighting
   604 | D:1      | Reached skill level 1 in Short Blades
   604 | D:1      | Reached skill level 1 in Long Blades
   604 | D:1      | Reached skill level 1 in Axes
   604 | D:1      | Reached skill level 1 in Maces & Flails
   604 | D:1      | Reached skill level 1 in Polearms
   604 | D:1      | Reached skill level 1 in Staves
   604 | D:1      | Reached skill level 1 in Slings
   604 | D:1      | Reached skill level 1 in Bows
   604 | D:1      | Reached skill level 1 in Crossbows
   604 | D:1      | Reached skill level 1 in Throwing
   604 | D:1      | Reached skill level 1 in Armour
   604 | D:1      | Reached skill level 1 in Shields
   604 | D:1      | Reached skill level 1 in Unarmed Combat
   604 | D:1      | Reached skill level 1 in Evocations
   856 | D:2      | Reached XP level 4. HP: 29/32 MP: 11/11
  1192 | D:2      | Learned a level 3 spell: Vampiric Draining
  1197 | D:2      | Learned a level 4 spell: Animate Dead
  1558 | D:2      | Reached skill level 1 in Conjurations
  1558 | D:2      | Reached skill level 1 in Hexes
  1558 | D:2      | Reached skill level 1 in Charms
  1558 | D:2      | Reached skill level 1 in Summonings
  1558 | D:2      | Reached skill level 1 in Translocations
  1558 | D:2      | Reached skill level 1 in Transmutations
  1558 | D:2      | Reached skill level 1 in Fire Magic
  1558 | D:2      | Reached skill level 1 in Ice Magic
  1558 | D:2      | Reached skill level 1 in Air Magic
  1558 | D:2      | Reached skill level 1 in Earth Magic
  1558 | D:2      | Reached skill level 1 in Poison Magic
  2037 | D:2      | Reached XP level 5. HP: 36/37 MP: 9/12
  2241 | D:2      | HP: 1/37 [something/puff of flame (11)]
  2246 | D:2      | Killed from afar by an orc wizard

Skill      XL: |  1  2  3  4 |
---------------+-------------+-----
Spellcasting   | 5 |  5.1
Invocations    | 1 |  1.5
Fighting       | 1 |  1.3
Short Blades   | 1 |  1.3
Long Blades    | 1 |  1.3
Axes           | 1 |  1.3
Maces & Flails | 1 |  1.3
Polearms       | 1 |  1.3
Staves         | 1 |  1.3
Slings         | 1 |  1.3
Bows           | 1 |  1.3
Crossbows      | 1 |  1.3
Throwing       | 1 |  1.3
Armour         | 1 |  1.3
Shields        | 1 |  1.3
Unarmed Combat | 1 |  1.3
Evocations     | 1 |  1.3
Conjurations   | 1 |  1.1
Hexes          | 1 |  1.1
Charms         | 1 |  1.1
Summonings     | 1 |  1.1
Translocations | 1 |  1.1
Transmutations | 1 |  1.1
Fire Magic     | 1 |  1.1
Ice Magic      | 1 |  1.1
Air Magic      | 1 |  1.1
Earth Magic    | 1 |  1.1
Poison Magic   | 1 |  1.1
Dodging        | |  4.7
Stealth        | |  4.3
Necromancy     | |  7.1

Action                   |  1- 3 |  4- 6 || total
-------------------------+-------+-------++-------
Melee: Short sword       |    56 |    57 ||   113
       Bite              |     5 |     4 ||     9
 Cast: Pain              |    10 |    44 ||    54
       Vampiric Draining |       |     6 ||     6
 Stab: Sleeping          |     5 |     3 ||     8
       Distracted        |     1 |       ||     1
  Eat: Chunk             |       |     4 ||     4
Armor: Robe              |     5 |    11 ||    16
Dodge: Dodged            |    27 |    54 ||    81
